 Dungeon Crawl Stone Soup version 0.27.1-33-g824d729ab1 (webtiles) character file.

Game seed: 15418170833040041444

605 sking99 the Digger (level 7, -5/40 HPs)
             Began as a Deep Elf Earth Elementalist on Dec 10, 2021.
             Slain by Duvessa (8 damage)
             ... on level 4 of the Dungeon.
             The game lasted 00:07:48 (3523 turns).

sking99 the Digger (Deep Elf Earth Elementalist)    Turns: 3523, Time: 00:07:49

Health: -5/40      AC:  3    Str:  7    XL:     7   Next: 19%
Magic:  0/16       EV: 12    Int: 20    God:
Gold:   93         SH:  0    Dex: 15    Spells: 10/16 levels left

rFire    . . .     SeeInvis .   a - +0 dagger (protect)
rCold    . . .     Faith    .   (no shield)
rNeg     . . .     Spirit   .   g - +0 leather armour
rPois    .         Reflect  .   (no helmet)
rElec    .         Harm     .   (no cloak)
rCorr    .         Rampage  .   (no gloves)
Will     .....                  (no boots)
Stlth    ++........             (no amulet)
HPRegen  0.13/turn              (no ring)
MPRegen  0.15/turn              (no ring)

@: no status effects
A: no striking features
a: no special abilities


You were on level 4 of the Dungeon.
You visited 1 branch of the dungeon, and saw 4 of its levels.

You collected 93 gold pieces.

Inventory:

Hand Weapons
 a - a +0 dagger of protection (weapon)
Missiles
 i - 15 stones
Armour
 b - a +0 robe
 g - a +0 leather armour (worn)
Jewellery
 j - an amulet of faith
Wands
 m - a wand of polymorph (9)
Scrolls
 c - a scroll of identify {unknown}
 f - a scroll of summoning {unknown}
 h - a scroll of amnesia {unknown}
 k - a scroll of silence {unknown}
 l - a scroll of enchant armour {unknown}
 p - a scroll of magic mapping {unknown}
Potions
 d - 2 potions of haste {unknown}
 e - 3 potions of curing
 n - a potion of brilliance {unknown}


   Skills:
 + Level 2.9 Fighting
 - Level 3.8 Dodging
 - Level 2.4 Stealth
 - Level 5.0 Spellcasting
 + Level 3.5 Conjurations
 - Level 2.0 Transmutations
 + Level 5.3 Earth Magic


You had 10 spell levels left.
You knew the following spells:

 Your Spells              Type           Power      Damage    Failure   Level
a - Sandblast             Erth           52%        2d12      1%          1
b - Stone Arrow           Conj/Erth      44%        3d9       9%          3
x - Passwall              Tmut/Erth      15%        N/A       6%          2

Your spell library contained the following spells:

 Spells                   Type           Power      Damage    Failure   Level
 Petrify                  Tmut/Erth      19%        N/A       36%         4
 Borgnjor's Vile Clutch   Necr/Erth      7%         N/A       86%         5
 Alistair's Intoxication  Tmut/Pois      6%         N/A       97%         5
 Dispersal                Tloc           2%         N/A       100%        6
 Eringya's Noxious Bog    Tmut/Pois      4%         N/A       100%        6
 Disjunction              Tloc           2%         N/A       100%        8


Dungeon Overview and Level Annotations

Branches:
Dungeon (4/15)
 Temple: D:4-7

Altars:

Annotations:
D:4 Duvessa


Message History

Aim: Duvessa, wielding a +0 short sword and wearing a +0 leather armour (severely wounded, berserk, 83% to hit)
The blast of sand hits Duvessa.
Duvessa is severely wounded.
Duvessa closely misses you. Duvessa barely misses you.
Casting: Sandblast (safe; 1% risk of failure)
Confirm with . or Enter, or press ? or * to list all spells.
Aiming: Sandblast (safe; 1% risk of failure)
Press: ? - help, Shift-Dir - straight line, f/p - Duvessa
Aim: Duvessa, wielding a +0 short sword and wearing a +0 leather armour (severely wounded, berserk, 83% to hit)
The blast of sand hits Duvessa!
Duvessa is almost dead.
Duvessa closely misses you.
Casting: Sandblast (safe; 1% risk of failure)
Confirm with . or Enter, or press ? or * to list all spells.
Aiming: Sandblast (safe; 1% risk of failure)
Press: ? - help, Shift-Dir - straight line, f/p - Duvessa
Aim: Duvessa, wielding a +0 short sword and wearing a +0 leather armour (almost dead, berserk, 83% to hit)
The blast of sand hits Duvessa.
Duvessa is almost dead.
Duvessa hits you with a +0 short sword. Duvessa hits you with a +0 short sword!
* * * LOW HITPOINT WARNING * * *
It was a potion of curing.
You feel better. Duvessa completely misses you. Duvessa closely misses you.
Casting: Sandblast (safe; 1% risk of failure)
Confirm with . or Enter, or press ? or * to list all spells.
Aiming: Sandblast (safe; 1% risk of failure)
Press: ? - help, Shift-Dir - straight line, f/p - Duvessa
Aim: Duvessa, wielding a +0 short sword and wearing a +0 leather armour (almost dead, berserk, 83% to hit)
The blast of sand hits Duvessa.
Duvessa is almost dead.
Duvessa hits you with a +0 short sword!
* * * LOW HITPOINT WARNING * * *
Duvessa barely misses you.
You don't have enough magic to cast this spell.
As you read the scroll labelled UMYSHRI DOSME, it crumbles to dust.
It is a scroll of brand weapon.
Your +0 dagger projects an invisible shield of force!
a - a +0 dagger of protection (weapon)
Duvessa hits you with a +0 short sword!
You die...

#.#....##
#..##>..........(....
###.....##
#..##............####
#......##
#..##................
#####...##
#................####
#....#####..##........###....
#.........).####......# ##..#
##..........## ##....#####..#
#...###.....####.....##.....
#..### ##...@.#..............
....# #..e....##........#..
#.... ###....######..##.....
#..... #..)...# ##..###....
#..###..).......## #..##
#..## #...######)# ##.##
#.... #.. #.# #..# ##.... .
#.. ##.#####.#...
#.###.....##.####


You could see Duvessa (berserk).

Vanquished Creatures
  Sigmund (D:2)
  A necrophage (D:3)
  A phantom (D:4)
  Dowan (D:4)
  A howler monkey (D:4)
  Natasha (thrice) (D:3)
  6 adders
  2 dart slugs (D:1)
  4 ball pythons
  8 bats
  4 endoplasms
  3 giant cockroaches
  8 goblins
  5 hobgoblins
  4 jackals (D:3)
  6 quokkas
  3 frilled lizards
  9 kobolds
  3 rats
73 creatures vanquished.

Notes
Turn   | Place    | Note
-------+----------+-------------------------------------------
     0 | D:1      | sking99 the Deep Elf Earth Elementalist began the quest for
                  | the Orb.
     0 | D:1      | Reached XP level 1. HP: 10/10 MP: 6/6
    29 | D:1      | Found a faded altar of an unknown god.
   131 | D:1      | Reached XP level 2. HP: 15/15 MP: 6/8
   647 | D:1      | Learned a level 2 spell: Passwall
   729 | D:1      | Reached XP level 3. HP: 19/20 MP: 5/9
  1150 | D:2      | Learned a level 3 spell: Stone Arrow
  1253 | D:2      | Reached skill level 1 in Fighting
  1284 | D:2      | Noticed Sigmund
  1293 | D:2      | Killed Sigmund
  1294 | D:2      | Reached skill level 1 in Conjurations
  1294 | D:2      | Reached XP level 4. HP: 26/26 MP: 2/12
  1294 | D:2      | Reached XP level 5. HP: 30/30 MP: 2/13
  2246 | D:3      | Noticed a necrophage
  2255 | D:3      | Killed a necrophage
  2256 | D:3      | Reached XP level 6. HP: 27/35 MP: 7/15
  2499 | D:3      | Reached skill level 5 in Spellcasting
  2655 | D:3      | Noticed Natasha
  2658 | D:3      | Killed Natasha
  2759 | D:3      | Noticed Natasha
  2790 | D:3      | Killed Natasha
  3040 | D:3      | Noticed Natasha
  3043 | D:3      | Killed Natasha
  3121 | D:4      | Reached skill level 5 in Earth Magic
  3143 | D:4      | Reached XP level 7. HP: 40/40 MP: 2/16
  3507 | D:4      | Noticed Dowan
  3508 | D:4      | Noticed Duvessa
  3511 | D:4      | Killed Dowan
  3523 | D:4      | Slain by Duvessa

Illustrated notes

Levels and vault maps discovered:
D:1:      nzn_arrival_crosshair, layout_basic,
          dreamdust_ecumenical_altar_statues, chequers_serial_rivers_micro_b,
          corexii_leaking_fountain
D:2:      layout_rooms, kennysheep_flooded_box, uniq_sigmund
D:3:      layout_loops_ring, uniq_natasha
D:4:      minmay_general_purpose_star, layout_layer_cave,
          minmay_goblin_kobold_house, uniq_duvessa

Skill      XL: |  1  2  3  4  5  6 |
---------------+-------------------+-----
Dodging        | 3 |  3.8
Fighting       | 1 2 |  2.9
Spellcasting   | 4 5 |  5.0
Conjurations   | 1 2 3 |  3.5
Transmutations | 2 |  2.0
Earth Magic    | 4 5 |  5.3
Stealth        | |  2.4

Action                   |  1- 3 |  4- 6 |  7- 9 || total
-------------------------+-------+-------+-------++-------
Melee: Dagger            |     3 |    15 |       ||    18
       Unarmed           |       |     3 |       ||     3
 Cast: Sandblast         |    57 |    42 |     7 ||   106
       Stone Arrow       |       |    16 |     4 ||    20
  Use: Scroll            |       |       |     1 ||     1
       Potion            |       |       |     1 ||     1
 Stab: Sleeping          |     1 |       |       ||     1
Armor: Robe              |     5 |       |       ||     5
       Leather armour    |       |     3 |       ||     3
       Skin              |       |    18 |       ||    18
Dodge: Dodged            |    16 |    11 |     9 ||    36
